 Dungeon Crawl Stone Soup version 0.25.1-2-g60ff931df9 (webtiles) character file.

Game seed: 4049575005920426529

132 RaHiT the Ruffian (level 4, -7/35 HPs)
             Began as a Demonspawn Chaos Knight on Sept 18, 2020.
             Was a Plaything of Xom.
             Killed by divine providence
             ... invoked by an orc priest
              (16 damage)
             ... on level 3 of the Dungeon.
             The game lasted 00:09:07 (2215 turns).

RaHiT the Ruffian (Demonspawn Chaos Knight)         Turns: 2215, Time: 00:09:08

Health: -7/35      AC:  7    Str: 13    XL:     4   Next: 92%
Magic:  5/5        EV: 11    Int: 14    God:    Xom [.....*]
Gold:   60         SH:  0    Dex: 12    Spells: 5/5 levels left

rFire    + . .     SeeInvis .     - Unarmed
rCold    . . .     Gourm    .   (no shield)
rNeg     . . .     Faith    .   a - +2 leather armour
rPois    .         Spirit   .   (no helmet)
rElec    .         Reflect  .   (no cloak)
rCorr    .         Harm     .   (no gloves)
MR       .....                  (no boots)
Stlth    ..........             (no amulet)
HPRegen  0.11/turn              h - ring of attention (curse)
MPRegen  0.09/turn              (no ring)

@: no status effects
A: molten scales 1, fire resistance 1, flame cloud immunity
a: Renounce Religion


You were on level 3 of the Dungeon.
You worshipped Xom.
You were Xom's teddy bear.
You were not hungry.

You visited 1 branch of the dungeon, and saw 3 of its levels.

You collected 60 gold pieces.

Inventory:

Missiles
 c - 73 stones
 e - 33 arrows
 i - 21 bolts
 l - 26 poisoned darts (quivered)
Armour
 a - a +2 leather armour (worn)
Jewellery
 h - a cursed ring of attention (left hand)
Scrolls
 o - a scroll of immolation
 q - a scroll of blinking
 s - a scroll of noise
 t - a scroll of remove curse {unknown}
Potions
 d - 3 potions of invisibility
 f - 2 potions of curing
 g - a potion of might {unknown}
 j - a potion of degeneration {unknown}
 k - a potion of brilliance {unknown}
 m - a potion of heal wounds {unknown}
 n - a potion of resistance
 p - a potion of flight {unknown}
 u - a potion of berserk rage {unknown}
Comestibles
 b - 7 rations
 r - 9 chunks of flesh


   Skills:
 - Level 3.0 Fighting
 + Level 1.8 Armour
 - Level 1.0 Dodging
 - Level 5.0 Unarmed Combat
 - Level 1.0 Spellcasting


You had 5 spell levels left.
You didn't know any spells.
Your spell library was empty.

Dungeon Overview and Level Annotations

Branches:
Dungeon (3/15)

Altars:
Ashenzari
Xom


Innate Abilities, Weirdness & Mutations

You are partially covered in molten scales. (AC +2)
Your flesh is heat resistant. (rF+)
You are immune to clouds of flame.


Message History

The orc priest looks satisfied for a moment.
You see here 2 murky puce potions.
You closely miss the orc priest.
The orc priest calls down the wrath of Beogh upon you.
Beogh smites you!
You hear a shout!
You closely miss the orc priest.
You hear a shout!
The orc priest barely misses you.
You completely miss the orc priest.
The orc priest hits you with a +1 flail of holy wrath.
You convulse.
* * * LOW HITPOINT WARNING * * *
You hit the orc priest.
The orc priest is moderately wounded.
You punch the orc priest!
The orc priest is severely wounded.
The orc priest invokes the aid of Beogh against you.
Beogh smites you!
You die...

###.#### ......# #
##[##.###### ####
###.###..........# .#...
..(......##.####.##.#.##
.........#..........#.#
###.###..#..####.#..#.#
# #..#..# #...##.#
.###.###@.#..# #...##.#
(......o..#..####...##.#
.###.###.##..#.........#
..>.>....#.##...####
####.......##...#
#>##.#####...#
#.##.#####...#####
#.##.............#
.########.#####.#


You could see an orc priest.

Vanquished Creatures
  A phantom (D:1)
  An ooze (D:1)
  A worm (D:2)
  3 dart slugs
  6 orcs (D:3)
  3 giant cockroaches
  5 goblins
  2 hobgoblins (D:1)
  4 quokkas
  3 bats
  4 frilled lizards
  2 kobolds (D:1)
  6 rats
41 creatures vanquished.

Notes
Turn   | Place    | Note
-------+----------+-------------------------------------------
     0 | D:1      | RaHiT the Demonspawn Chaos Knight began the quest for the
                  | Orb.
     0 | D:1      | Reached XP level 1. HP: 18/18 MP: 1/1
     6 | D:1      | XOM: divination: detect creatures
    43 | D:1      | Reached skill level 3 in Unarmed Combat
   242 | D:1      | Gained mutation: Your flesh is heat resistant. (rF+)
                  | [demonic ancestry]
   242 | D:1      | Reached XP level 2. HP: 21/24 MP: 1/3
   557 | D:1      | Reached skill level 1 in Spellcasting
   571 | D:1      | XOM: silly message
   620 | D:1      | XOM: smoke on damage
   986 | D:2      | XOM: silly message
  1012 | D:2      | XOM: potion effect (haste)
  1018 | D:2      | Gained mutation: You are immune to clouds of flame.
                  | [demonic ancestry]
  1018 | D:2      | Reached XP level 3. HP: 15/29 MP: 4/4
  1073 | D:2      | Noticed a phantom
  1084 | D:2      | XOM: enchant monster (bad)
  1107 | D:2      | XOM: summons friendly quasit
  1112 | D:2      | XOM: fog
  1116 | D:2      | XOM: enchant monster (good)
  1142 | D:1      | HP: 1/29 [phantom (8)]
  1147 | D:1      | XOM: confuse monster(s)
  1156 | D:1      | Killed a phantom
  1156 | D:1      | Reached skill level 4 in Unarmed Combat
  1156 | D:1      | Gained mutation: You are partially covered in molten
                  | scales. (AC +2) [demonic ancestry]
  1156 | D:1      | Reached XP level 4. HP: 7/35 MP: 5/5
  1931 | D:2      | Reached skill level 1 in Dodging
  1996 | D:2      | Found a shimmering altar of Xom.
  2054 | D:3      | XOM: cast spell 'Leda's Liquefaction'
  2083 | D:3      | Found a shattered altar of Ashenzari.
  2202 | D:3      | Reached skill level 5 in Unarmed Combat
  2215 | D:3      | Killed from afar by an orc priest

Illustrated notes

Levels and vault maps discovered:
D:1:      onia_arrival_mini_spirals, layout_rooms
D:2:      layout_loops_ring, lemuel_coloured_pillars_altar, nrook_mini_vaults
D:3:      layout_loops_ring, lemuel_crystal_altar, lemuel_round_altar

Skill      XL: |  1  2  3  4 |
---------------+-------------+-----
Unarmed Combat | 3 4 5 |  5.0
Spellcasting   | 1 |  1.0
Dodging        | 1 |  1.0
Fighting       | |  3.0
Armour         | |  1.8

Action                   |  1- 3 |  4- 6 || total
-------------------------+-------+-------++-------
Melee: Unarmed           |   125 |    93 ||   218
       Punch             |     3 |       ||     3
Throw: Stone             |    28 |    12 ||    40
       Dart              |       |     9 ||     9
  Use: Scroll            |     8 |     1 ||     9
       Potion            |     1 |     1 ||     2
  Eat: Chunk             |     1 |     3 ||     4
Armor: Leather armour    |    40 |    31 ||    71
Dodge: Dodged            |    58 |    36 ||    94
